 Dungeon Sprint DCSS version 0.24-a0-244-ga6a6ab7 (webtiles) character file.

Game seed: 1392809237156126057

89 MikeHunt the Magician (level 4, -6/30 HPs)
             Began as a Vampire Necromancer on Apr 11, 2019.
             Killed from afar by a deep elf mage (33 damage)
             ... with a bolt of lightning
             ... in the Dungeon (Sprint III: "The Ten Rune Challenge").
             The game lasted 00:05:31 (943 turns).

MikeHunt the Magician (Vampire Necromancer)          Turns: 943, Time: 00:05:31

Health: -6/30      AC:  2    Str:  7    XL:     4   Next: 31%
Magic:  12/13      EV: 12    Int: 18    God:
Gold:   22         SH:  0    Dex: 14    Spells: 9/17 levels left

rFire    . . .     SeeInvis +   (no weapon)
rCold    . . .     Gourm    .   (no shield)
rNeg     + . .     Faith    .   a - +0 robe
rPois    .         Spirit   .   (no helmet)
rElec    .         Reflect  .   (no cloak)
rCorr    .         Harm     .   (no gloves)
MR       .....     NoTele   +   (no boots)
Stlth    ++........             (no amulet)
HPRegen  0.10/turn              (no ring)
MPRegen  0.13/turn              (no ring)

@: no status effects
A: fangs 3, see invisible, unbreathing
a: Bat Form


You were in the Dungeon.
You were not thirsty.

You visited 1 branch You collected 22 gold pieces.

Inventory:

Hand Weapons
 b - a +0 hunting sling
Missiles
 j - 20 stones (quivered)
Armour
 a - a +0 robe (worn)
Scrolls
 i - a scroll of blinking
 l - a scroll of immolation {unknown}
 m - 3 scrolls of identify
 n - 4 scrolls of remove curse
 q - a scroll of torment {unknown}
Potions
 c - a potion of blood
 d - 2 potions of curing
 e - a potion of heal wounds
 f - a potion of haste
 g - 2 potions of magic
 k - 2 potions of mutation {unknown}
 o - a potion of invisibility {unknown}
 p - 3 potions of flight


   Skills:
 - Level 2.1 Dodging
 - Level 3.0 Stealth
 - Level 7.4 Spellcasting
 + Level 0.0 Charms
 + Level 5.8 Necromancy


You had 9 spell levels left.
You knew the following spells:

 Your Spells              Type           Power        Failure   Level  Hunger
a - Animate Skeleton      Necr           N/A          1%          1    None
b - Regeneration          Chrm/Necr      ###.......   10%         3    #......
d - Vampiric Draining     Necr           ####......   2%          3    #......
e - Pain                  Necr           ####         1%          1    None

Your spell library contained the following spells:

 Spells                   Type           Power        Failure   Level  Hunger
 Animate Dead             Necr           N/A          10%         4    ###....


Dungeon Overview and Level Annotations

Branches:
Dungeon (1/1)

Altars:
Zin
The Shining One


Innate Abilities, Weirdness & Mutations

You have razor-sharp teeth.
You have supernaturally acute eyesight. (SInv)
You can survive without breathing.


Message History

You finish memorising.
Spell assigned to 'b'.
j - 20 stones (gained 1)
There is an open door to the Ecumenical Temple here.
You start resting.
You recover from your berserk rage.
As you open the door, it creaks loudly!
Found a glowing silver altar of Zin.
There is a fountain of clear blue water here.
A deep elf mage comes into view.
It is wielding a +0 long sword of holy wrath.
Found a glowing golden altar of the Shining One.
Casting: Pain (safe; 1% risk of failure)
Confirm with . or Enter, or press ? or * to list all spells.
Aiming: Pain (safe; 1% risk of failure)
Press: ? - help, Shift-Dir - straight line, f - deep elf mage
Aim: a deep elf mage, wielding a +0 long sword of holy wrath (chance to defeat MR: 71%)
The deep elf mage writhes in agony.
The deep elf mage gestures at you while chanting.
The bolt of lightning hits you!!
Ouch! That really hurt!
You die...

▓▓▓▓ ▓▓▓ ...#### ##.#####
......#####..# __#
.......#%%#..# ..#
#.##...#..#..###e#+###+##
#.###..##'#..#..........#
##.##..###...'.⌠@.......#
..##..####...#...######+#
..##..###....#.⌠.#
.##...##.....#...#
##....#......#+###
##..##.#.....# #..
####....# ▓▓▓ ▓▓▓▓▓▓


You could see a deep elf mage.

Vanquished Creatures
  A water elemental (D)
  A human (D)
  2 oozes (D)
  A phantom (D)
  2 rats (D)
7 creatures vanquished.

Vanquished Creatures (others)
  2 draconian scorchers (D)
  6 hellions (D)
  A yaktaur (D)
  4 plants (D)
13 creatures vanquished.

Grand Total: 20 creatures vanquished

Notes
Turn   | Place    | Note
-------+----------+-------------------------------------------
     0 | D        | MikeHunt the Vampire Necromancer began the quest for the
                  | Orb.
     0 | D        | Reached XP level 1. HP: 13/13 MP: 3/3
    22 | D        | Reached skill level 5 in Necromancy
    83 | D        | Reached skill level 3 in Spellcasting
    83 | D        | Reached XP level 2. HP: 12/19 MP: 1/6
    98 | D        | Killed a hellion
   100 | D        | Killed a hellion
   104 | D        | Killed a hellion
   105 | D        | Killed a hellion
   106 | D        | Killed a hellion
   292 | D        | Killed a white draconian scorcher
   293 | D        | Killed a yaktaur
   293 | D        | Killed a hellion
   308 | D        | Killed a white draconian scorcher
   439 | D        | Reached skill level 4 in Spellcasting
   439 | D        | Reached XP level 3. HP: 20/24 MP: 1/9
   444 | D        | Learned a level 3 spell: Vampiric Draining
   446 | D        | Learned a level 1 spell: Animate Skeleton
   732 | D        | Reached skill level 5 in Spellcasting
   839 | D        | Noticed a water elemental
   848 | D        | Killed a water elemental
   848 | D        | Reached skill level 7 in Spellcasting
   848 | D        | Reached XP level 4. HP: 26/30 MP: 10/13
   887 | D        | Learned a level 3 spell: Regeneration
   940 | D        | Found a glowing silver altar of Zin.
   942 | D        | Found a glowing golden altar of the Shining One.
   942 | D        | Noticed a deep elf mage
   943 | D        | Killed from afar by a deep elf mage

Levels and vault maps discovered:
D:        dungeon_sprint_mu [sprint_mu_entry_cave, sprint_mu_temple_rooms,
          sprint_mu_d1_horrors, sprint_mu_d2_genie, sprint_mu_d3_branching,
          sprint_mu_orc_legion, sprint_mu_elf_gauntlet, sprint_mu_hive_nellie,
          sprint_mu_lair_fedhas, sprint_mu_vaults_butterflies,
          sprint_mu_slime_circle, sprint_mu_swamp_cave, sprint_mu_snake_twists,
          sprint_mu_blade_basic, sprint_mu_crypt_fortress,
          sprint_mu_tomb_spiral, sprint_mu_vestibule_basic,
          sprint_mu_gehenna_hellfire, sprint_mu_dis_giant,
          sprint_mu_tartarus_statrot, sprint_mu_cocytus_islands, sprint_mu_zot1]

Skill      XL: |  1  2  3 |
---------------+----------+-----
Necromancy     | 5 |  5.8
Spellcasting   | 3 4 7 |  7.4
Dodging        | |  2.1
Stealth        | |  3.0

Action                   |  1- 3 |  4- 6 || total
-------------------------+-------+-------++-------
Melee: Unarmed           |    16 |       ||    16
 Fire: Hunting sling     |    17 |       ||    17
Throw: Stone             |     1 |       ||     1
 Cast: Pain              |    16 |     1 ||    17
 Abil: End Transformatio |     1 |       ||     1
       Bat Form          |     1 |       ||     1
  Use: Potion            |     1 |       ||     1
 Stab: Sleeping          |     1 |       ||     1
  Eat: Corpse            |     1 |       ||     1
Armor: Robe              |     2 |       ||     2
Dodge: Dodged            |    18 |       ||    18

Table legend:
 A = Non-vault XP
 B = Vault XP
 C = Vault XP percentage of total XP
 D = Non-vault monster count
 E = Vault monster count
 F = Vault count percentage of total count
                 A         B        C        D         E       F
            +---------+---------+-------+---------+---------+-------
      Total |       0 |     128 | 100.0 |       0 |       7 | 100.0
            +---------+---------+-------+---------+---------+-------
          D |       0 |     128 | 100.0 |       0 |       7 | 100.0
            +---------+---------+-------+---------+---------+-------
